Cogmind - Beta 14 @@@ ROGUE MODE // 2024.10.15 @ 10:07:49 Player: upsidedowneye Result: Destroyed by G-47 Trooper with Particle Gun Performance ------------- Evolutions (0) 0 Regions Visited (2) 400 Robots Destroyed (13) 65 Value Destroyed (198) 198 Prototype IDs (2) 40 Alien Tech Used (0) 0 Bonus (0) 0 TOTAL SCORE: 703 Bonus ------- None Cogmind --------- Core Integrity 0/250 Matter 256/300 Energy 85/100 System Corruption 1% Temperature Cool (9) Movement Core (100) Ox1 Location -10/Mines Parts ------- > --- POWER (1) -------- (None) > --- PROPULSION (2) --- (None) > --- UTILITY (2) ------ (None) > --- WEAPON (2) ------- Assault Rifle Flail > --- INVENTORY (5) ---- Light Ion Engine Light Nuclear Core Assault Rifle Flail Peak State ------------ > --- POWER ------------ Light Ion Engine > --- PROPULSION ------- Wheel Wheel > --- UTILITY ---------- Small Storage Unit Improved Terrain Scanner > --- WEAPON ----------- EM Pulse Gun Light Assault Rifle > --- INVENTORY -------- Ion Engine Wheel [Rating: 9] Favorites ----------- Power Light Ion Engine Engine Light Ion Engine Propulsion Wheel Wheel Wheel Utility Small Storage Unit Device Improved Terrain Scanner Storage Small Storage Unit Weapon Assault Rifle Energy Gun EM Pulse Gun Ballistic Gun Assault Rifle Impact Weapon Flail Build | -11 -10 -10 ------- Run | Yrd Mat Min Slots Evolved . | . . . Power . | . . . Propulsion . | . . . Utility . | . . . Weapon . | . . . Parts Attached 19 | 9 9 1 Power 4 | 2 2 . Engine 4 | 2 2 . Core . | . . . Reactor . | . . . Propulsion 4 | 3 1 . Treads . | . . . Leg . | . . . Wheel 4 | 3 1 . Hover . | . . . Flight . | . . . Utility 2 | 2 . . Device 1 | 1 . . Storage 1 | 1 . . Processor . | . . . Hackware . | . . . Protection . | . . . Artifact . | . . . Weapon 9 | 2 6 1 Energy Gun 1 | 1 . . Energy Cannon . | . . . Ballistic Gun 6 | 1 4 1 Ballistic Cannon . | . . . Launcher . | . . . Special Weapon . | . . . Impact Weapon 2 | . 2 . Slashing Weapon . | . . . Piercing Weapon . | . . . Special Melee Weapon . | . . . Unidentified Prototypes . | . . . Parts Lost 6 | . 6 . Power 1 | . 1 . Propulsion 3 | . 3 . Utility . | . . . Weapon 2 | . 2 . Highest Loss Streak 6 | . 6 . To Critical Strikes . | . . . Average Slot Usage (%) 69 | . 69 . Engine 9 | . 9 . Wheel 13 | . 13 . Device 13 | . 13 . Storage 10 | . 10 . Ballistic Gun 20 | . 20 . Impact Weapon 1 | . 1 . Peak Build Rating 9 | 9 9 3 Average Rating 6 | 4 6 3 On Entrance 3 | . 9 2 Naked Turns 2 | . 2 . Heaviest Build 15 | 13 15 . Greatest Support 26 | 26 20 . Greatest Overweight (x) 4 | 1 4 . Average Overweight (x) . | . . . Largest Inventory Capacity 8 | 8 8 5 Average Capacity 7 | 7 7 5 Most Carried 8 | 8 8 4 Average Carried 4 | 4 5 4 Final Capacity 8 | 8 5 5 Final Carried 5 | 2 5 4 Class Distribution -------------------- 100% | Mutant Dominant Class ---------------- Mutant | -10/Materials Mutant | -10/Mines Resources | -11 -10 -10 ----------- Run | Yrd Mat Min Matter Collected 457 | 305 152 . Remotely . | . . . Salvage Created 489 | 257 232 . Parts 30 | 19 11 . Haulers Intercepted . | . . . Recyclers Shooed 1 | . 1 . Parts Field Recycled . | . . . Retrieved Matter . | . . . Parts Self-Destructed . | . . . Prevented . | . . . Kills | -11 -10 -10 ------- Run | Yrd Mat Min Combat Hostiles Destroyed 4 | . 4 . Guns 4 | . 4 . Classes Destroyed 4 | 3 1 . Worker 2 | 2 . . Tunneler 5 | 5 . . Recycler 2 | 1 1 . Grunt 4 | . 4 . Best Kill Streak 5 | 5 5 . Combat Bots Only 4 | . 4 . Max Kills in Single Turn 1 | 1 1 . Gunslinging . | . . . Exploded . | . . . Melee . | . . . Uniques/NPCs Destroyed . | . . . Combat | -11 -10 -10 -------- Run | Yrd Mat Min Hostile Shots Fired 77 | . 76 1 Missed 18 | . 18 . Damage Taken 735 | 26 691 18 Core 256 | 13 225 18 Absorbed by Shields . | . . . Core Remaining (%) 94 | 94 . . Volleys Fired 36 | 15 21 . Largest 2 | 2 2 . Hottest 60 | 60 40 . Shots Fired 72 | 30 42 . Gun 72 | 30 42 . Cannon . | . . . Launcher . | . . . Special . | . . . Kinetic 57 | 15 42 . Thermal . | . . . Explosive . | . . . Electromagnetic 15 | 15 . . Robot Hit Streak 10 | 9 10 . Robot Miss Streak 3 | 1 3 . Penetration Max . | . . . Secondary Targets 3 | . 3 . Max Gunslinging Chain 1 | . 1 . Shots Hit Robots 49 | 19 30 . Core Hits 24 | 12 12 . Critical Kills . | . . . Critical Parts Destroyed . | . . . Critical Strikes . | . . . Melee Attacks . | . . . Impact . | . . . Slashing . | . . . Piercing . | . . . Sneak Attacks . | . . . Combat Hostiles . | . . . Follow-up Attacks . | . . . Damage Inflicted 623 | 250 373 . Guns 588 | 215 373 . Cannons . | . . . Explosions 35 | 35 . . Melee . | . . . Ramming . | . . . Kinetic 428 | 55 373 . Thermal 35 | 35 . . Explosive . | . . . Electromagnetic 160 | 160 . . Impact . | . . . Slashing . | . . . Piercing . | . . . Highest Corruption 1 | . 1 1 Average Corruption 1 | . 1 1 Corruption Purged . | . . . Corruption Blocked . | . . . Overload Shots . | . . . Overflow Damage . | . . . Projectiles . | . . . Explosions . | . . . Melee . | . . . Knockbacks . | . . . Impact . | . . . Kinetic . | . . . Secondary . | . . . Self-Inflicted Damage 27 | 27 . . Shots 1 | 1 . . Rammed . | . . . Targets Rammed . | . . . Kicked . | . . . Crushed . | . . . Highest Temperature 60 | 60 10 . Average Temperature 22 | 31 5 . Received Heat Transfer 396 | . 387 9 Siege Activations . | . . . Robots Corrupted . | . . . Combat Hostiles . | . . . Parts Fried . | . . . Impact Corruptions . | . . . Robots Melted . | . . . Combat Hostiles . | . . . Parts Melted . | . . . Heat Transferred 50 | 50 . . Parts Sabotaged . | . . . Parts Stolen . | . . . Parts Stripped . | . . . Power Chain Reactions 1 | 1 . . Alert | -11 -10 -10 ------- Run | Yrd Mat Min Peak Influence 75 | 40 75 28 Initial 28 | . 26 28 Average 37 | 15 47 28 Maximum Alert Level . | . . . Low Security (%) 100 | 100 100 100 Level 1 . | . . . Level 2 . | . . . Level 3 . | . . . Level 4 . | . . . Level 5 . | . . . High Security . | . . . Max Security . | . . . Squads Dispatched 1 | . 1 . Investigation 1 | . 1 . Extermination . | . . . Reinforcement . | . . . Assault . | . . . Garrison . | . . . Intercept . | . . . Searches Triggered . | . . . Construction Impeded . | . . . Haulers Reinforced . | . . . Active Scanning Responses . | . . . Cargo Convoy Interrupts . | . . . Stealth | -11 -10 -10 --------- Run | Yrd Mat Min Distress Signals . | . . . Communications Jammed . | . . . Distress Signals . | . . . Times Spotted 6 | . 4 2 Peak Tracking Total 5 | . 5 . Tactical Retreats . | . . . Traps | -11 -10 -10 ------- Run | Yrd Mat Min Traps Triggered 1 | . 1 . Indirectly . | . . . Trap Hack Attempts . | . . . Triggered . | . . . Disarmed . | . . . Reprogrammed 2 | . 2 . Reused . | . . . Traps Extracted . | . . . Installed . | . . . Triggered . | . . . Machines | -11 -10 -10 ---------- Run | Yrd Mat Min Machines Disabled . | . . . Max in Single Turn . | . . . Machines Repaired . | . . . Machines Dismantled . | . . . Machines Sabotaged . | . . . Overloaded Fab Kills . | . . . Hacking | -11 -10 -10 --------- Run | Yrd Mat Min Machines Accessed 2 | . 2 . Terminals 2 | . 2 . Fabricators . | . . . Repair Stations . | . . . Recycling Units . | . . . Scanalyzers . | . . . Garrison Access . | . . . Total Hacks 6 | . 6 . Successful 4 | . 4 . Failed 2 | . 2 . Catastrophic . | . . . Database Lockouts . | . . . Manual . | . . . Terminals 6 | . 6 . Fabricators . | . . . Repair Stations . | . . . Recycling Units . | . . . Scanalyzers . | . . . Garrison Access . | . . . Terminal Hacks 4 | . 4 . Prototype ID Bank 1 | . 1 . Branch Access Points 1 | . 1 . Reprogram Traps 1 | . 1 . Hauler Manifests 1 | . 1 . Fabricator Hacks . | . . . Repair Station Hacks . | . . . Recycling Unit Hacks . | . . . Scanalyzer . | . . . Garrison Access Hacks . | . . . Unauthorized Hacks . | . . . Terminals . | . . . Fabricators . | . . . Repair Stations . | . . . Recycling Units . | . . . Scanalyzers . | . . . Garrison Access . | . . . Data Cores Recovered . | . . . Used . | . . . Hacking Detections 1 | . 1 . Full Trace Events 1 | . 1 . Feedback Events 1 | . 1 . Corruption 1 | . 1 . Feedback Blocked . | . . . Robot Schematics Acquired . | . . . Robots Built . | . . . Authchips . | . . . Time . | . . . Total Robot Build Rating . | . . . Part Schematics Acquired . | . . . Parts Built . | . . . Authchips . | . . . Time . | . . . Total Part Build Rating . | . . . Parts Repaired . | . . . Time . | . . . Parts Recycled . | . . . Recycled Matter . | . . . Retrieved Matter . | . . . Retrieved Components . | . . . Parts Scanalyzed . | . . . Part Schematics Acquired . | . . . Parts Damaged . | . . . Bothacking | -11 -10 -10 ------------ Run | Yrd Mat Min Used RIF Installer . | . . . Robots Hacked . | . . . Non-combat . | . . . Combat . | . . . Robot Hacks Applied . | . . . Relay Couplers Released . | . . . Fabnet Peak Effective % . | . . . Robots Rewired . | . . . Allies Hacked . | . . . Hacks Repelled . | . . . Allies | -11 -10 -10 -------- Run | Yrd Mat Min Total Allies . | . . . Largest Group . | . . . Highest-Rated Group . | . . . Highest-Rated Ally . | . . . Total Orders . | . . . Ally Attacks . | . . . Total Damage . | . . . Kills . | . . . Allies Corrupted . | . . . Allies Melted . | . . . Intel | -11 -10 -10 ------- Run | Yrd Mat Min Robot Analysis Total . | . . . Derelict Logs Recovered . | . . . Drone Launches . | . . . Drone Recoveries . | . . . Exploration | -11 -10 -10 ------------- Run | Yrd Mat Min Turns Passed 394 | 125 268 1 Spaces Moved 304 | 59 245 . Core 167 | 25 142 . Treads . | . . . Legs . | . . . Wheels 137 | 34 103 . Hover . | . . . Flight . | . . . Fastest Speed 50 | 50 50 . Average Speed 76 | 91 72 . Slowest Speed 250 | 100 250 . Overloaded Moves . | . . . Propulsion Burnouts . | . . . Robots Hopped . | . . . Cave-ins Triggered . | . . . Exploration Rate (%) 17 | 5 43 3 Regions Visited 2 Branch Regions 1 Pre-discovered Areas . | . . . Known Exits Taken 1 | . 1 . Unknown Exits Taken 1 | 1 . . Scrap Searched . | . . . Spaces Dug . | . . . Terrain Destroyed 8 | 8 . . Melee . | . . . Projectile . | . . . AOE 8 | 8 . . Terrain Rammed . | . . . Walls Destroyed . | . . . Machines Disabled . | . . . Actions | -11 -10 -10 --------- Run | Yrd Mat Min Total 403 | 105 297 1 Wait . | . . . Move 302 | 58 244 . Hop . | . . . Pick Up 28 | 16 12 . Fast Attach . | . . . Attach 14 | 7 6 1 Detach 4 | . 4 . Swap 5 | 2 3 . Drop 14 | 7 7 . Fire 36 | 15 21 . Melee . | . . . Ram . | . . . Kick . | . . . Crush . | . . . Escape Stasis . | . . . Rewire . | . . . Trap . | . . . Miscellaneous . | . . . Route ------- -11/Scrapyard -10/Materials (discovered 2 exits: *Min x2) -10/Mines History --------- Turn | Location | Event 22 | -11/Scrapyard | Discovered new exit (range 16) 126 | -11/Scrapyard | Entered Materials 170 | -10/Materials | Identified exit to Mines 239 | -10/Materials | Core integrity fell below 50% 267 | -10/Materials | Core integrity fell below 20% 291 | -10/Materials | Lost 6 parts (1p3n2w) 345 | -10/Materials | Build established: Mutant 394 | -10/Materials | Entered Mines 395 | -10/Mines | Destroyed by G-47 Trooper with Particle Gun Last Messages --------------- >>Manifests Retrieving manifest data... Found 2 haulers: A-02 Transporter 5x Propulsion Shielding A-02 Transporter 3x Targeting Computer Feedback: System corruption (+1%). ALERT: Suspicious activity at Terminal M007. Dispatching Investigation squad. Dropped Sml. Storage Unit. Acquired Flail. Triggered Blade Trap. Massive razor-sharp blades shoot up from within the floor. Flail severed. Imp. Terrain Scanner severed. Acquired Flail. LOCATION=MINES GOAL=ESCAPE Map ----- +----------------------------------------------------+ | ????????????????????????????????? | | ????????????????????????????????? | | ????????????????????????????????? | | ????????????????????????????????? | | ????????????????????????????????? | | ????????????????????????????????? | | ????????????????????????????????? | | ????????????????????????????????? | | ????????????????????????????????? | | ????????????????????????????????? | | ????????????????????????????????? | | ????????????????????????????????? | | ????????????????????????????????? | | ????????????????????????????????? | | ????????????????????????????????? | | ????????????????????????????????? | | ????????????????????????????????? | | ????????????????????????????????? | | ????????????????????????????????? | | ???????????????????????????#????? | | ?????????????????????????? #????? | | ?????????????????????????? #????? | | ?????????????????????????? ##???? | | ????????????????????????## ##??? | | ?????????????????????#### #??? | | ?????????????????????# @ g #??? | | ????????????????????# #??? | | ????????????????????# g #??? | | ????????????????????## #??? | | ?????????????????????# # ??? | | ?????????????????????# ## #?? | | ?????????????????????# ??# ##?? | | ????????????????????? ????###??? | | ?????????????????????##?????????? | | ????????????????????????????????? | | ????????????????????????????????? | | ????????????????????????????????? | | ????????????????????????????????? | | | | | | | | | | | | | | | | | | | | | | | | | +----------------------------------------------------+ Best States ------------- Heat Dissipation 25 Energy Generation 10 Energy Capacity 250 Matter Stores 300 Matter Capacity 300 Sight Range 16 Terrain Scan Range 16 Terrain Scan Density 10 Evasion (%) 50 Item Schematics ----------------- None Robot Schematics ------------------ None Fabricated ------------ Nothing Alien Tech Used ----------------- None Achievements -------------- None Challenges ------------ None Game ------ Seed TeleporterExplosiveChip Manual? 0 Play Time 00:05:24 Cumulative 16.2 hours Start 2024.10.15 @ 10:02:29 End 2024.10.15 @ 10:07:49 Sessions 1 Manual Loads 0 Difficulty Rogue Special Mode None Game No. 27 Rogue 27 Adventurer 0 Explorer 0 Win Type - Total 0 Types 0/0/0/0/0/0/0/0/0 Lore% 7 Gallery% 18 Achievement% 17 Wizard Run 0 Options --------- Layout 1 ASCII 0 Keyboard 0 Movement Arrows Keybinds 0 Fullscreen 2 Font 32/SmallcapsGlow Map View 50x35 Zoom Use 0% Tactical HUD 0 Map Filters NONE Filters NONE Steam 1 RUN: bdf3ea80-1168-491e-aa63-e15878016cbf